 Dungeon Crawl Stone Soup version 0.22.1-1-ga44c0e5 (webtiles) character file.

234 rabbit the Magician (level 6, 37/44 HPs)
             Began as a Gnoll Wizard on Oct 14, 2018.
             Quit the game on level 4 of the Dungeon.
             The game lasted 00:12:15 (3027 turns).

rabbit the Magician (Gnoll Wizard)                  Turns: 3027, Time: 00:12:16

Health: 37/44      AC:  3    Str: 10    XL:     6   Next: 5%
Magic:  0/16       EV: 14    Int: 22    God:
Gold:   147        SH:  4    Dex: 13    Spells: 8/19 levels left

rFire    . . .     SeeInvis .   f - +0 dagger (curse)
rCold    . . .     Gourm    .   u - +0 buckler
rNeg     . . .     Faith    .   a - +0 robe
rPois    .         Spirit   .   b - +0 hat
rElec    .         Reflect  .   j - +0 cloak
rCorr    .         Harm     .   (no gloves)
MR       .....     Rnd*Tele +   (no boots)
Stlth    ++........             (no amulet)
HPRegen  0.14/turn              n - ring of teleportation (curse)
MPRegen  0.15/turn              (no ring)

@: very slow
A: distributed training, fangs 1, strong nose
a: no special abilities


You were on level 4 of the Dungeon.
You were not hungry.

You visited 1 branch of the dungeon, and saw 4 of its levels.

You collected 147 gold pieces.

Inventory:

Hand Weapons
 f - a cursed +0 dagger (weapon)
Missiles
 c - 55 stones (quivered)
 o - a throwing net
Armour
 a - a +0 robe (worn)
 b - a +0 hat (worn)
 j - a +0 cloak (worn)
 u - a +0 buckler (worn)
Jewellery
 k - an uncursed ring of ice
 n - a cursed ring of teleportation (left hand)
Scrolls
 i - a scroll of teleportation {unknown}
 l - a scroll of blinking {unknown}
 r - a scroll of immolation {unknown}
 s - a scroll of identify {unknown}
 t - a scroll of remove curse {unknown}
Potions
 e - a potion of flight {unknown}
 g - a potion of agility
 h - a potion of resistance {unknown}
 m - 2 potions of brilliance {unknown}
 p - a potion of berserk rage {unknown}
 q - a potion of might {unknown}
Comestibles
 d - 9 rations
 v - a chunk of flesh


   Skills:
 + Level 1.7 Fighting
 + Level 1.7 Short Blades
 + Level 1.7 Long Blades
 + Level 1.7 Axes
 + Level 1.7 Maces & Flails
 + Level 1.7 Polearms
 + Level 1.7 Staves
 + Level 1.7 Slings
 + Level 1.7 Bows
 + Level 1.7 Crossbows
 + Level 1.7 Throwing
 + Level 1.7 Armour
 + Level 4.9 Dodging
 + Level 4.5 Stealth
 + Level 1.7 Shields
 + Level 1.7 Unarmed Combat
 + Level 7.3 Spellcasting
 + Level 2.5 Conjurations
 + Level 1.3 Hexes
 + Level 1.3 Charms
 + Level 2.5 Summonings
 + Level 1.3 Necromancy
 + Level 2.5 Translocations
 + Level 1.3 Transmutations
 + Level 1.3 Fire Magic
 + Level 1.3 Ice Magic
 + Level 1.3 Air Magic
 + Level 1.3 Earth Magic
 + Level 1.3 Poison Magic
 + Level 1.9 Invocations
 + Level 1.7 Evocations


You had 8 spell levels left.
You knew the following spells:

 Your Spells              Type           Power        Failure   Level  Hunger
a - Magic Dart            Conj           ###.         3%          1    None
b - Blink                 Tloc           N/A          5%          2    None
c - Call Imp              Summ           ###.....     5%          2    None
d - Conjure Flame         Conj/Fire      ###.....     14%         3    None
e - Mephitic Cloud        Conj/Pois/Air  ###.....     16%         3    None

Your spell library contained the following spells:

 Spells                   Type           Power        Failure   Level  Hunger
 Apportation              Tloc           ###...       3%          1    None
 Summon Small Mammal      Summ           ###.         3%          1    None
 Animate Skeleton         Necr           N/A          6%          1    None
 Confusing Touch          Hex            ##....       6%          1    None
 Slow                     Hex            ##......     9%          2    None
 Gell's Gravitas          Tloc           ###.......   11%         3    None
 Confuse                  Hex            ##......     19%         3    None
 Petrify                  Tmut/Erth      ##......     52%         4    ###....
 Metabolic Englaciation   Hex/Ice        ##........   86%         5    #####..
 Yara's Violent Unravell  Hex/Tmut       ##........   86%         5    #####..


Dungeon Overview and Level Annotations

Branches:
Dungeon (4/15)
 Temple: D:4-7

Altars:
Fedhas
Hepliaklqana
Wu Jian


Innate Abilities, Weirdness & Mutations

Your experience applies equally to all skills.
You have very sharp teeth.
Your uncanny sense of smell can sniff out nearby items.


Message History

The adder bites you.
Casting: Magic Dart (safe; 3% risk of failure)
Confirm with . or Enter, or press ? or * to list all spells.
Aiming: Magic Dart (safe; 3% risk of failure)
Press: ? - help, Shift-Dir - straight line, f/p - adder
Aim: an adder (lightly wounded)
The magic dart hits the adder.
The adder is moderately wounded.
The adder bites you.
An adder comes into view.
The adder misses you.
Casting: Magic Dart (safe; 3% risk of failure)
Confirm with . or Enter, or press ? or * to list all spells.
You don't have enough magic to cast that spell.
Unknown command.
The adder hisses angrily.
The adder barely misses you. The adder bites you but does no damage.
Quiver which item? (- for none, * to show all) (? for menu, Esc to quit)
Okay, then.
Are you sure you want to abandon this character and quit the game? (Confirm

## #.#.#...##...#.## #.
#.#..........#..## #.
####.#..............# .
###.##...................######
.##...#......≈...................
.#..##...≈.≈≈≈≈≈.............###
.. #...#≈†#≈#≈####...........# .#
#.###≈†≈≈≈≈≈≈≈#...........#### .♣
#.# #########@#..............#
.♣♣#.# #≈≈SwS≈#..............#
.....# #≈#≈####...............
.♣♣### #≈≈S≈#.....#........# .♣
#w##≈#............... .### ###
#≈≈ #.##............ .#.####(#
##≈ #.##w..<.####### ....##..# ≈#
#.....÷.##### #.......# ≈#
#.............#


You could see a worm and 2 adders.

Vanquished Creatures
  Natasha (twice) (D:2)
  4 gnolls (D:2)
  A river rat (D:4)
  4 adders
  An ooze (D:3)
  5 worms
  2 dart slugs (D:2)
  A leopard gecko (D:2)
  3 orcs
  3 ball pythons
  A giant cockroach (D:3)
  6 goblins
  6 hobgoblins
  8 jackals
  A quokka (D:3)
  6 bats
  5 frilled lizards
  7 kobolds
  18 rats
84 creatures vanquished.

Notes
Turn   | Place    | Note
-------+----------+-------------------------------------------
     0 | D:1      | rabbit the Gnoll Wizard began the quest for the Orb.
     0 | D:1      | Reached XP level 1. HP: 13/13 MP: 8/8
   201 | D:1      | Reached XP level 2. HP: 19/19 MP: 8/10
   208 | D:1      | Learned a level 2 spell: Blink
   211 | D:1      | Learned a level 2 spell: Call Imp
   741 | D:2      | Noticed Natasha
   774 | D:2      | Killed Natasha
   774 | D:2      | Reached skill level 1 in Invocations
   774 | D:2      | Reached XP level 3. HP: 21/25 MP: 6/11
   779 | D:2      | Learned a level 3 spell: Conjure Flame
   783 | D:2      | Learned a level 3 spell: Mephitic Cloud
   872 | D:2      | Reached skill level 1 in Fighting
   872 | D:2      | Reached skill level 1 in Short Blades
   872 | D:2      | Reached skill level 1 in Long Blades
   872 | D:2      | Reached skill level 1 in Axes
   872 | D:2      | Reached skill level 1 in Maces & Flails
   872 | D:2      | Reached skill level 1 in Polearms
   872 | D:2      | Reached skill level 1 in Staves
   872 | D:2      | Reached skill level 1 in Slings
   872 | D:2      | Reached skill level 1 in Bows
   872 | D:2      | Reached skill level 1 in Crossbows
   872 | D:2      | Reached skill level 1 in Throwing
   872 | D:2      | Reached skill level 1 in Armour
   872 | D:2      | Reached skill level 1 in Shields
   872 | D:2      | Reached skill level 1 in Unarmed Combat
   872 | D:2      | Reached skill level 1 in Evocations
   879 | D:2      | Reached XP level 4. HP: 27/32 MP: 2/13
  1136 | D:2      | Found an ornate altar of the Wu Jian Council.
  1140 | D:2      | Found a hazy altar of Hepliaklqana.
  1181 | D:2      | Noticed Natasha
  1185 | D:2      | Killed Natasha
  1185 | D:2      | Reached skill level 1 in Hexes
  1185 | D:2      | Reached skill level 1 in Charms
  1185 | D:2      | Reached skill level 1 in Necromancy
  1185 | D:2      | Reached skill level 1 in Transmutations
  1185 | D:2      | Reached skill level 1 in Fire Magic
  1185 | D:2      | Reached skill level 1 in Ice Magic
  1185 | D:2      | Reached skill level 1 in Air Magic
  1185 | D:2      | Reached skill level 1 in Earth Magic
  1185 | D:2      | Reached skill level 1 in Poison Magic
  1226 | D:2      | Reached XP level 5. HP: 36/37 MP: 7/14
  2305 | D:3      | Found a blossoming altar of Fedhas.
  2965 | D:4      | Reached XP level 6. HP: 32/44 MP: 2/16
  3027 | D:4      | Quit the game

Skill      XL: |  1  2  3  4 |
---------------+-------------+-----
Conjurations   | 2 |  2.5
Summonings     | 2 |  2.5
Translocations | 2 |  2.5
Invocations    | 1 |  1.9
Fighting       | 1 |  1.7
Short Blades   | 1 |  1.7
Long Blades    | 1 |  1.7
Axes           | 1 |  1.7
Maces & Flails | 1 |  1.7
Polearms       | 1 |  1.7
Staves         | 1 |  1.7
Slings         | 1 |  1.7
Bows           | 1 |  1.7
Crossbows      | 1 |  1.7
Throwing       | 1 |  1.7
Armour         | 1 |  1.7
Shields        | 1 |  1.7
Unarmed Combat | 1 |  1.7
Evocations     | 1 |  1.7
Hexes          | 1 |  1.3
Charms         | 1 |  1.3
Necromancy     | 1 |  1.3
Transmutations | 1 |  1.3
Fire Magic     | 1 |  1.3
Ice Magic      | 1 |  1.3
Air Magic      | 1 |  1.3
Earth Magic    | 1 |  1.3
Poison Magic   | 1 |  1.3
Dodging        | |  4.9
Stealth        | |  4.5
Spellcasting   | |  7.3

Action                   |  1- 3 |  4- 6 || total
-------------------------+-------+-------++-------
Melee: Dagger            |     2 |    19 ||    21
       Bite              |       |     1 ||     1
 Cast: Magic Dart        |    67 |   143 ||   210
       Mephitic Cloud    |       |     4 ||     4
       Conjure Flame     |       |     2 ||     2
 Stab: Confused          |       |     5 ||     5
  Eat: Chunk             |       |     6 ||     6
Armor: Robe              |    13 |    10 ||    23
Dodge: Dodged            |    29 |    26 ||    55
Block: Buckler           |       |     2 ||     2
